 Dungeon Crawl Stone Soup version 0.32-a0-699-g1ee5eff69a (webtiles) character file.

Game seed: 16554456796262940830

627 IdlyInterested the Chopper (level 7, -4/48 (51) HPs)
             Began as a Demonspawn Gladiator on Mar 13, 2024.
             Hit by a stone thrown by a wight (6 damage)
             ... on level 6 of the Dungeon.
             The game lasted 00:15:23 (4144 turns).

IdlyInterested the Chopper (Demonspawn Gladiator)   Turns: 4144, Time: 00:15:24

HP:   -4/48 (51)    AC:  8    Str: 13    XL:     7   Next: 23%
MP:   7/7           EV: 10    Int: 11    God:
Gold: 265           SH:  0    Dex: 14    Spells: 6/6 levels left

rFire   + . .        D - +8 hand axe "Xoakehex" {chaos, rPois rN+ Str-4}
rCold   . . .        (no shield)
rNeg    + . .        O - +2 ring mail of Disappointment {rF+ Int+3 Slay+3}
rPois   +            (helmet restricted)
rElec   .            y - +0 cloak
rCorr   .            (no gloves)
SInv    .            (no boots)
Will    .....        (no amulet)
Stlth   +            (no ring)
HPRegen 0.28/turn    (no ring)
MPRegen 0.10/turn

%: no passive effects
@: drained
A: antennae 2, powered by pain 2
a: no special abilities


You were on level 6 of the Dungeon.
You visited 1 branch of the dungeon, and saw 6 of its levels.

You collected 265 gold pieces.

Inventory:

Hand Weapons
 a - a +0 long sword
 m - a +0 dagger of freezing
 x - a +0 great sword
 z - a +2 hammer of protection
 A - a +3 quarterstaff of chaos
 B - a +0 flail
 D - the +8 hand axe "Xoakehex" (weapon) {chaos, rPois rN+ Str-4}
   (You found it on level 3 of the Dungeon)

   Str-4:     It affects your strength (-4).
   rPois:     It protects you from poison.
   rN+:       It protects you from negative energy.
 E - a +0 short sword of draining
 G - a +0 war axe
 M - a +0 trident
 P - a +0 rapier
 T - a +1 hand axe of distortion
Missiles
 d - 3 throwing nets
 e - a javelin
 i - 45 stones (quivered)
 v - 4 boomerangs
 F - 2 poisoned darts
Armour
 b - a +0 leather armour
 h - a +0 ring mail
 k - a +0 scale mail
 r - a +3 chain mail
 y - a +0 cloak (worn)
 C - a +0 cloak
 K - the +0 leather armour of Peder {rF- rN+ Dex+2 Stlth+}
   (You found it on level 4 of the Dungeon)

   Dex+2:     It affects your dexterity (+2).
   rF-:       It makes you vulnerable to fire.
   rN+:       It protects you from negative energy.
   Stlth+:    It makes you more stealthy.
 O - the +2 ring mail of Disappointment (worn) {rF+ Int+3 Slay+3}
   (You found it on level 4 of the Dungeon)

   Int+3:     It affects your intelligence (+3).
   Slay+3:    It affects your accuracy & damage with ranged weapons and melee
   (+3).
   rF+:       It protects you from fire.
Talismans
 u - a flux talisman
Wands
 S - a wand of warping (12)
Scrolls
 c - a scroll of torment
 n - a scroll of amnesia
 o - a scroll of silence
 p - a scroll of poison {unknown}
 w - a scroll of teleportation {unknown}
 J - a scroll of butterflies
 L - a scroll of vulnerability
 Q - a scroll of immolation
Potions
 f - a potion of attraction {unknown}
 j - 4 potions of curing
 l - a potion of heal wounds {unknown}
 q - a potion of magic
 s - a potion of enlightenment
 t - 2 potions of lignification
 H - a potion of cancellation {unknown}
 I - a potion of berserk rage
 N - a potion of brilliance {unknown}
 R - a potion of resistance {unknown}


   Skills:
 + Level 2.5 Fighting
 - Level 4.0 Long Blades
 + Level 4.6 Axes
 - Level 2.0 Throwing
 - Level 2.0 Armour
 - Level 2.6 Dodging
 - Level 2.0 Stealth
 - Level 2.0 Shapeshifting


You had 6 spell levels left.
You didn't know any spells.
Your spell library contained the following spells:

 Spells                   Type           Power      Damage    Failure   Level
 Sublimation of Blood     Necr           0%         N/A       75%         2
 Anguish                  Hex/Necr       0%         N/A       100%        4
 Cause Fear               Hex            0%         N/A       100%        4
 Petrify                  Alch/Erth      0%         N/A       100%        4
 Irradiate                Conj/Alch      0%         3d11      100%        5
 Sculpt Simulacrum        Ice/Alch       0%         N/A       100%        6
 Enfeeble                 Hex            0%         N/A       100%        7
 Ozocubu's Refrigeration  Ice            0%         4d7       100%        7
 Polar Vortex             Ice            0%         N/A       100%        9


Dungeon Overview and Level Annotations

Branches:
Dungeon (6/15)
 Temple: D:4-7

Altars:
Nemelex Xobeh
Trog
Vehumet

Shops:
D:4 ?   D:5 [


Innate Abilities, Weirdness & Mutations

You have a pair of antennae on your head.
You sometimes gain power by taking damage.


Message History

The wight barely misses you.
A wight comes into view. It is wielding a +2 halberd.
You hit the wight.
The wight is almost destroyed.
The wight hits you with a +0 hand axe of electrocution.
You partially resist.
You feel drained.
The wight hits you with a +0 hand axe of electrocution.
You partially resist.
You feel drained.
A wight comes into view. It is wielding a +0 battleaxe.
You slash the wight!
You destroy the wight!
The wight hits you from afar with a +3 spear.
You hit the shadow imp.
The shadow imp is moderately wounded.
The shadow imp hits you. The wight hits you but does no damage.
You slash the shadow imp!
You kill the shadow imp!
The wight hits you but does no damage. The wight attacks as it pursues you!
The wight barely misses you.
You slash the wight!
The wight seems to speed up.
The wight is heavily damaged.
The wight hits you but does no damage. The wight barely misses you.
The wight hits you with a +0 mace.
You barely miss the wight.
The wight is heavily damaged.
The wight hits you with a +0 mace.
The wight hits you from afar with a +2 halberd!
* * * LOW HITPOINT WARNING * * *
You hit the wight.
The wight becomes as fragile as glass!
The wight is heavily damaged.
The wight closely misses you.
The wight hits you from afar with a +2 halberd.
* * * LOW HITPOINT WARNING * * *
The wight hits you with a +0 mace.
* * * LOW HITPOINT WARNING * * *
You partially resist.
You feel drained.
You hit the wight. You burn the wight.
You destroy the wight!
The wight throws a stone.
The stone hits you.
You die...

######################
......................
#
#######.##############
.. #.# ...# #.# .....
#.# ......####.######
.....zz)@.........
.....z####.#######
....., #.# ...., #.#
..., ..# .. ..# # #.#
.#


You could see 3 wights.

Vanquished Creatures
  A water moccasin (D:5)
  A phantom (D:4)
  2 wights (D:6)
  A hound (D:5)
  Crazy Yiuf (D:2)
  3 iguanas
  A jelly (D:5)
  A sleepcap (D:4)
  Robin (D:4)
  7 gnolls
  3 adders
  A shadow imp (D:6)
  4 ufetubi (D:5)
  A ribbon worm (D:2)
  A dart slug (D:1)
  4 orcs
  4 ball pythons
  2 bats (D:1)
  An endoplasm (D:4)
  10 goblins
  10 hobgoblins
  9 kobolds
  5 quokkas
  A frilled lizard (D:3)
  2 rats
77 creatures vanquished.

Vanquished Creatures (collateral kills)
  A goblin (D:3)
1 creature vanquished.

Grand Total: 78 creatures vanquished

Notes
Turn   | Place    | Note
-------+----------+-------------------------------------------
     0 | D:1      | IdlyInterested the Demonspawn Gladiator began the quest for
                  | the Orb.
     0 | D:1      | Reached XP level 1. HP: 16/16 MP: 1/1
   133 | D:1      | Gained mutation: You have a pair of small antennae on your
                  | head. [demonic ancestry]
   133 | D:1      | Reached XP level 2. HP: 20/22 MP: 2/2
   662 | D:2      | Found a runed translucent door.
   663 | D:2      | Noticed Crazy Yiuf
  1288 | D:2      | Killed Crazy Yiuf
  1289 | D:2      | Reached skill level 1 in Armour
  1289 | D:2      | Gained mutation: You sometimes gain a little power by
                  | taking damage. [demonic ancestry]
  1289 | D:2      | Reached XP level 3. HP: 10/27 MP: 3/3
  1590 | D:3      | Identified the +8 hand axe "Xoakehex" {chaos, rPois rN+
                  | Str-4}
  1601 | D:3      | Found a bloodstained altar of Trog.
  1698 | D:3      | Reached skill level 1 in Axes
  1698 | D:3      | Gained mutation: You sometimes gain power by taking damage.
                  | [demonic ancestry]
  1698 | D:3      | Reached XP level 4. HP: 18/33 MP: 4/4
  2297 | D:4      | Found a radiant altar of Vehumet.
  2311 | D:4      | Identified the +0 leather armour of Peder {rF- rN+ Dex+2
                  | Stlth+}
  2399 | D:4      | Reached skill level 1 in Stealth
  2399 | D:4      | Reached XP level 5. HP: 38/38 MP: 5/5
  2516 | D:4      | Noticed Robin
  2525 | D:4      | Killed Robin
  2732 | D:4      | Found Orosoena's Magic Scroll Shop.
  2803 | D:4      | Identified the +2 ring mail of Disappointment {rF+ Int+3
                  | Slay+3}
  2950 | D:4      | Noticed a phantom
  2960 | D:4      | Killed a phantom
  2961 | D:4      | Reached skill level 1 in Shapeshifting
  2961 | D:4      | Reached XP level 6. HP: 33/44 MP: 6/6
  3292 | D:5      | Entered Level 5 of the Dungeon
  3415 | D:5      | Noticed a water moccasin
  3422 | D:5      | Killed a water moccasin
  3423 | D:5      | Gained mutation: You have a pair of antennae on your head.
                  | [demonic ancestry]
  3423 | D:5      | Reached XP level 7. HP: 34/50 MP: 7/7
  3739 | D:5      | Found Xeih's Armour Shop.
  3819 | D:5      | Found a sparkling altar of Nemelex Xobeh.
  4143 | D:6      | HP: 2/49 [wight/+0 mace (5)]
  4144 | D:6      | Hit by a stone thrown by a wight

Illustrated notes

Levels and vault maps discovered:
D:1:      wander_arrival_lonely_grave, layout_rooms
D:2:      layout_loops_cross, amcnicky_mini_rare_corridor_liquid,
          uniq_crazy_yiuf_cottage
D:3:      corexii_shack_village, layout_loops_cross,
          mainiacjoe_overflow_concentric_impassable
D:4:      layout_gridville, vehumet_crystals, serial_shops,
          nicolae_shop_waterfront, serial_bayou_pond_d, uniq_robin
D:5:      layout_basic, nemelex_xobeh_ov_fountains_minmay, serial_shops,
          nicolae_shop_back_alley_shop, grunt_decor_junction
D:6:      layout_loops_ring, uniq_edmund

Skill      XL: |  1  2  3  4  5  6 |
---------------+-------------------+-----
Throwing       | 2 |  2.0
Long Blades    | 3 4 |  4.0
Armour         | 1 2 |  2.0
Axes           | 1 3 4 |  4.6
Stealth        | 1 2 |  2.0
Shapeshifting  | 1 2 |  2.0
Fighting       | |  2.5
Dodging        | |  2.6

Action                     |  1- 3 |  4- 6 |  7- 9 || total
---------------------------+-------+-------+-------++-------
  Melee: Long sword        |    52 |       |       ||    52
         Hand axe          |     8 |   102 |    16 ||   126
  Throw: Stone             |     3 |       |     4 ||     7
         Throwing net      |     2 |       |       ||     2
    Use: Potion            |     3 |     2 |       ||     5
         Scroll            |     3 |     2 |     1 ||     6
   Stab: Confused          |       |     1 |       ||     1
 Armour: Leather armour    |     7 |       |       ||     7
         Ring mail         |    28 |    25 |    20 ||    73
         Chain mail        |    15 |    59 |       ||    74
  Dodge: Dodged            |    23 |    47 |    10 ||    80

Table legend: (Time is in decaauts)
 A = Elapsed time spent in this place.
 B = Non-inter-level travel time spent in this place.
 C = Inter-level travel time spent in this place.
 D = Time resting spent in this place.
 E = Time spent auto-exploring this place.
 F = Levels seen in this place.
 G = Mean time per level.
                   A        B        C        D        E       F      G
               +--------+--------+--------+--------+--------+-----+--------+
         Total |   4168 |   3752 |    416 |    176 |   2816 |   6 |  694.7 |
       Dungeon |   4168 |   3752 |    416 |    176 |   2816 |   6 |  694.7 |
               +--------+--------+--------+--------+--------+-----+--------+

Top non-repeatable levels by time:
     D:4: 1013 daAuts
     D:2: 998 daAuts
     D:3: 838 daAuts
     D:5: 808 daAuts
     D:1: 471 daAuts
     D:6: 38 daAuts
